 Dungeon Crawl Stone Soup version 0.31-a0-150-g89dc3ad700 (webtiles) character file.

Game seed: 8838172327632435099

77 CowFu the Cudgeller (level 4, -4/28 HPs)
             Began as a Gargoyle Fighter on June 8, 2023.
             Slain by a gnoll
             ... wielding a +0 flail
              (7 damage)
             ... on level 2 of the Dungeon.
             The game lasted 00:01:27 (1406 turns).

CowFu the Cudgeller (Gargoyle Fighter)              Turns: 1406, Time: 00:01:27

Health: -4/28      AC: 12    Str: 22    XL:     4   Next: 33%
Magic:  4/4        EV:  2    Int:  8    God:
Gold:   75         SH:  0    Dex:  9    Spells: 3/3 levels left

rFire   . . .        a - +0 flail
rCold   . . .        c - +0 buckler
rNeg    + . .        b - +0 scale mail
rPois   ∞            (no helmet)
rElec   +            r - +0 cloak
rCorr   .            g - +0 pair of gloves
SInv    .            (no boots)
Will    .....        (no amulet) Stlth
                     (no ring)
HPRegen 0.24/turn    (no ring)
MPRegen 0.09/turn

%: no passive effects
@: held, constricted
A: sickness immunity, AC +3, negative energy resistance 1, electricity
resistance, torment resistance 1, petrification resistance
a: no special abilities


You were on level 2 of the Dungeon.
You visited 1 branch of the dungeon, and saw 2 of its levels.

You collected 75 gold pieces.

Inventory:

Hand Weapons
 a - a +0 flail (weapon)
Armour
 b - a +0 scale mail (worn)
 c - a +0 buckler (worn)
 g - a +0 pair of gloves (worn)
 r - a +0 cloak (worn)
Wands
 o - a wand of polymorph (13)
Scrolls
 f - a scroll of acquirement {unknown}
 h - a scroll of torment {unknown}
 j - 2 scrolls of immolation {unknown}
 l - 2 scrolls of silence {unknown}
 m - 3 scrolls of identify {unknown}
 n - 2 scrolls of vulnerability {unknown}
Potions
 d - 2 potions of might
 e - a potion of resistance {unknown}
 i - a potion of attraction {unknown}
 k - a potion of enlightenment {unknown}
 p - a potion of curing {unknown}
 q - a potion of invisibility {unknown}


   Skills:
 - Level 3.2 Fighting
 + Level 4.4 Maces & Flails
 - Level 3.2 Armour
 - Level 3.2 Shields


You had 3 spell levels left.
You didn't know any spells.
Your spell library contained the following spells:

 Spells                   Type           Power      Damage    Failure   Level
 Necrotise                Necr           0%         1d4       80%         1
 Vampiric Draining        Necr           0%         2d6       99%         3
 Agony                    Necr           0%         N/A       100%        5


Dungeon Overview and Level Annotations

Branches:
Dungeon (2/15)

Altars:
Zin


Innate Abilities, Weirdness & Mutations

You are immune to sickness and miasma.
Your stone body is resilient. (AC +3)
You are immune to poison.
You resist negative energy. (rN+)
You are resistant to electric shocks. (rElec)
You are resistant to unholy torment.
You are immune to petrification.


Message History

A gnoll comes into view. It is wielding a +0 whip.
The gnoll moves out of view.
There are monsters nearby!
A ball python comes into view.
The ball python hisses angrily.
The gnoll shouts!
There are monsters nearby!
The goblin hits you but does no damage.
A gnoll comes into view. It is wielding a +3 whip.
There are monsters nearby!
You hit the goblin.
The goblin is moderately wounded.
An adder comes into view.
The goblin hits you but does no damage. The gnoll hits you with a +0 flail!
The gnoll hits you from afar with a +0 halberd.
You block the goblin's attack.
There are monsters nearby!
You hit the goblin.
You kill the goblin!
The gnoll barely misses you. The gnoll closely misses you.
The gnoll attacks as you move away! The gnoll closely misses you.
The ball python attacks as you move away!
The ball python barely misses you. The ball python bites you.
The ball python grabs you. The ball python constricts you.
You escape the ball python's grasp.
The gnoll throws a throwing net.
The throwing net hits you.
You become entangled in the net!
You see here a throwing net.
You struggle against the net.
The adder barely misses you.
The gnoll hits you from afar with a +0 halberd.
The adder bites you but does no damage.
You struggle against the net.
The ball python completely misses you. The ball python grabs you.
The ball python constricts you.
The gnoll hits you from afar with a +0 halberd.
The adder bites you but does no damage. The ball python bites you.
* * * LOW HITPOINT WARNING * * *
The ball python constricts you.
You struggle against the net.
The adder bites you but does no damage.
The gnoll hits you from afar with a +0 halberd.
* * * LOW HITPOINT WARNING * * *
The gnoll hits you with a +0 flail!
You die...

###....# #. .. #..#
.......# #.##. ...###
##.....# #..#.##.......
#.....# #...#........
#)....# #....<..?...
#.....# #..)........
##.....# #.g.g.......
.#.....# #.SSg.......
.#.....## #..@g.......
........# #......>....
##......## #...........
.#.......# #...†.......
.##......########.#######
...)........#####.#
...########.#.....# ##.#
#####.#.##### ...#
#.....#.#


You could see 4 gnolls, an adder and a ball python.

Vanquished Creatures
  Terence (D:2)
  2 dart slugs (D:1)
  4 ball pythons
  2 endoplasms (D:2)
  A giant cockroach (D:1)
  7 goblins
  4 hobgoblins
  7 jackals
  2 quokkas (D:1)
  A bat (D:1)
  4 frilled lizards
  4 kobolds
  5 rats
44 creatures vanquished.

Notes
Turn   | Place    | Note
-------+----------+-------------------------------------------
     0 | D:1      | CowFu the Gargoyle Fighter began the quest for the Orb.
     0 | D:1      | Reached XP level 1. HP: 14/14 MP: 1/1
   110 | D:1      | Reached XP level 2. HP: 19/19 MP: 2/2
   222 | D:1      | Reached skill level 3 in Maces & Flails
   420 | D:1      | Reached XP level 3. HP: 17/23 MP: 3/3
   920 | D:2      | Noticed Terence
   929 | D:2      | Killed Terence
   930 | D:2      | Reached skill level 4 in Maces & Flails
   930 | D:2      | Reached XP level 4. HP: 21/28 MP: 4/4
  1132 | D:2      | Identified the +4 short sword "Joicaseo" {freeze, rPois
                  | Int+3}
  1182 | D:2      | Found a glowing silver altar of Zin.
  1406 | D:2      | Slain by a gnoll

Illustrated notes

Levels and vault maps discovered:
D:1:      tarquinn_simple_flora_water_c, layout_basic
D:2:      layout_basic, basic_altar, dreamdust_mushroom_princess,
          minmay_tromino_v4_a, uniq_terence

Skill      XL: |  1  2  3 |
---------------+----------+-----
Maces & Flails | 3 4 |  4.4
Fighting       | |  3.2
Armour         | |  3.2
Shields        | |  3.2

Action                     |  1- 3 |  4- 6 || total
---------------------------+-------+-------++-------
  Melee: Flail             |   119 |    56 ||   175
 Armour: Scale mail        |    61 |    38 ||    99
  Dodge: Dodged            |    54 |    43 ||    97
  Block: Buckler           |    25 |    12 ||    37

Table legend: (Time is in decaauts)
 A = Elapsed time spent in this place.
 B = Non-inter-level travel time spent in this place.
 C = Inter-level travel time spent in this place.
 D = Time resting spent in this place.
 E = Time spent auto-exploring this place.
 F = Levels seen in this place.
 G = Mean time per level.
                   A        B        C        D        E       F      G
               +--------+--------+--------+--------+--------+-----+--------+
         Total |   1451 |   1429 |     22 |      0 |   1044 |   2 |  725.5 |
       Dungeon |   1451 |   1429 |     22 |      0 |   1044 |   2 |  725.5 |
               +--------+--------+--------+--------+--------+-----+--------+

Top non-repeatable levels by time:
     D:1: 832 daAuts
     D:2: 619 daAuts
